 Dungeon Crawl Stone Soup version 0.19-a0-1193-g2641e52 (webtiles) character file.

178420 HaroldButt the Unseen (level 17, -6/97 HPs)
             Began as a Deep Elf Conjurer on Aug 19, 2016.
             Was the Champion of Vehumet.
             Mangled by a griffon (12 damage)
             ... on level 1 of the Shoals.
             The game lasted 03:27:23 (36664 turns).

HaroldButt the Unseen (Deep Elf Conjurer)          Turns: 36664, Time: 03:27:24

Health: -6/97      AC: 16    Str:  8    XL:     17   Next: 57%
Magic:  3/51       EV: 10    Int: 24    God:    Vehumet [******]
Gold:   2369       SH:  0    Dex: 15    Spells: 9 memorised, 21 levels left

rFire  . . .     SeeInvis +     m - staff of energy
rCold  + . .     Gourm    .     q - +1 robe {Archmagi}
rNeg   . . .     Faith    .     (no shield)
rPois  +         Spirit   .     d - +2 helmet
rElec  .         Dismiss  .     Z - +2 cloak {MR+}
rCorr  .         Reflect  .     n - +2 pair of gloves {Str+3}
MR     +++..     Harm     .     O - +1 pair of boots
Stlth  ++++++++..               Y - amulet of magic regeneration
                                W - ring of Ussak {rPois rC+ MR+ MP+9 Int-4}
                                S - ring of see invisible

@: about to teleport, marked, engulfed (cannot breathe), manticore barbs, held
A: no striking features
a: Renounce Religion


You were on level 1 of the Shoals.
You worshipped Vehumet.
Vehumet was exalted by your worship.
You were not hungry.

You visited 5 branches of the dungeon, and saw 28 of its levels.
You also visited: Labyrinth, Ossuary and Ice Cave.

You collected 3287 gold pieces.
You spent 918 gold pieces at shops.


   Skills:
 - Level 8.0 Fighting
 - Level 8.0 Armour
 - Level 12.0 Dodging
 - Level 20.0 Stealth
 + Level 19.6 Spellcasting
 - Level 18.0 Conjurations
 - Level 12.0 Charms


You had 21 spell levels left.
You knew the following spells:

 Your Spells              Type           Power        Failure   Level  Hunger
b - Blink                 Tloc           N/A          3%          2    None
c - Dazzling Spray        Conj/Hex       ######       1%          3    None
d - Deflect Missiles      Chrm/Air       ######....   30%         6    None
u - Orb of Destruction    Conj           ########..   1%          7    None
v - Iskenderun's Mystic   Conj           ########     0%          4    None
x - Searing Ray           Conj           ######       0%          2    None
y - Force Lance           Conj/Tloc      #######.     1%          4    None
z - Magic Dart            Conj           ####         0%          1    None
X - Iskenderun's Battles  Conj/Chrm      #######.     1%          5    None

Inventory:

Hand Weapons
 r - a +5 morningstar of protection
Missiles
 l - 7 throwing nets {=f}
Armour
 a - the +0 robe of Amelioration {rCorr Str-4 Int+5 SInv}

   It affects your strength (-4).
   It affects your intelligence (+5).
   It lets you see invisible.
   It protects you from acid and corrosion.
 d - a +2 helmet (worn)
 k - a +2 shield of protection
 n - a +2 pair of gloves of strength (worn)
 q - a +1 robe of the Archmagi (worn)
 G - a +0 pearl dragon armour
 O - a +1 pair of boots (worn)
 Z - a +2 cloak of magic resistance (worn)
Magical Staves
 m - an uncursed staff of energy (weapon)
 C - an uncursed staff of power
Jewellery
 S - a ring of see invisible (left hand)
 W - the ring of Ussak (right hand) {rPois rC+ MR+ MP+9 Int-4}

   [ring of protection from cold]

   It affects your intelligence (-4).
   It protects you from cold.
   It protects you from poison.
   It affects your resistance to hostile enchantments.
   It affects your magic capacity (+9).
 X - an uncursed ring of protection from fire
 Y - an amulet of magic regeneration (around neck)
Wands
 A - a wand of teleportation (3/9) {!d@v4}
 E - a wand of disintegration (24/24)
 U - a wand of digging (16/24)
Scrolls
 e - 3 scrolls of teleportation {@r4}
 g - a scroll of magic mapping
 j - 2 scrolls of enchant weapon
 t - 6 scrolls of amnesia
 v - 8 scrolls of fog
 w - 11 scrolls of remove curse
 F - 7 scrolls of identify {@r1}
 H - 8 scrolls of immolation {!r}
 I - 3 scrolls of recharging
 L - 4 scrolls of holy word
Potions
 f - 4 potions of might
 h - 12 potions of curing {@q1}
 i - a potion of cancellation
 s - 6 potions of flight
 u - 2 potions of heal wounds {@q2}
 z - 5 potions of magic
 J - 3 potions of ambrosia
 K - 5 potions of agility
 M - 2 potions of cure mutation
 N - a potion of haste {@q3}
 P - a potion of resistance
 R - 3 potions of brilliance
 V - a potion of invisibility
Books
 b - a book of Conjurations

   Spells                             Type                      Level
   a - Magic Dart                     Conjuration                  1
   b - Searing Ray                    Conjuration                  2
   c - Dazzling Spray                 Conjuration/Hexes            3
   d - Fulminant Prism                Conjuration/Hexes            4
   e - Iskenderun's Mystic Blast      Conjuration                  4
   f - Iskenderun's Battlesphere      Conjuration/Charms           5
 y - a book of the Sky

   Spells                             Type                      Level
   a - Summon Lightning Spire         Summoning/Air                4
   b - Airstrike                      Air                          4
   c - Silence                        Hexes/Air                    5
   d - Deflect Missiles               Charms/Air                   6
   e - Conjure Ball Lightning         Conjuration/Air              6
   f - Tornado                        Air                          9
 B - a book of Death

   Spells                             Type                      Level
   a - Corpse Rot                     Necromancy                   2
   b - Sublimation of Blood           Necromancy                   2
   c - Agony                          Necromancy                   5
   d - Dispel Undead                  Necromancy                   5
   e - Excruciating Wounds            Charms/Necromancy            5
   f - Bolt of Draining               Conjuration/Necromancy       5
 Q - a book of Unlife

   Spells                             Type                      Level
   a - Recall                         Summoning/Translocation      3
   b - Animate Dead                   Necromancy                   4
   c - Control Undead                 Necromancy                   4
   d - Cigotuvi's Embrace             Necromancy                   5
   e - Death Channel                  Necromancy                   6
   f - Simulacrum                     Ice/Necromancy               6
 T - a book of Transfigurations

   Spells                             Type                      Level
   a - Irradiate                      Conjuration/Transmutation    5
   b - Statue Form                    Transmutation/Earth          6
   c - Hydra Form                     Transmutation                6
   d - Dragon Form                    Transmutation                7
Comestibles
 c - 15 bread rations
 o - 11 meat rations
 p - 16 royal jellies
 D - 4 chunks of flesh

Dungeon Overview and Level Annotations

Branches:
Dungeon (15/15)            Temple (0/1) D:6            Lair (6/6) D:8
 Shoals (1/4) Lair:3        Snake (4/4) Lair:2        Slime (0/5) Lair:5
    Orc (2/2) D:10            Elf (0/3) Orc:2        Vaults (0/5) D:14
 Depths (0/5) D:15

Altars:
Ashenzari
Cheibriados
Gozag
Hepliaklqana
Kikubaaqudgha
Makhleb
Okawaru
Qazlal
Sif Muna
Uskayaw
Vehumet
Xom
Zin
Beogh
Jiyva

Shops:
D:12 [   Orc:2 :[!(   Snake:2 %*

Portals:
Trove: D:10 (give +3 gold dragon armour)

Annotations:
D:12 2 runed doors
Snake:4 Vashnia, Vashnia

≈≈≈≈≈P..▒▒▒..≈≈≈≈...
≈≈≈≈≈≈≈)▒▒▒.%≈≈≈≈.≈≈
≈≈≈≈≈≈≈..▒▒##≈≈≈.!.≈
≈≈≈≈≈≈≈≈...%%#≈≈.)..
≈≈≈≈≈≈≈≈≈m..≈≈#≈....
≈≈≈≈≈≈≈≈≈≈≈.≈%#E≈..≈
≈≈≈≈≈≈≈≈≈≈%≈m#†≈≈≈≈≈
≈≈≈≈≈≈≈≈≈≈≈≈EH≈≈≈)≈≈
≈≈≈≈≈≈≈≈≈≈≈≈e≈m....≈
≈≈≈≈≈≈≈≈≈≈≈▒▒▒≈..≈≈
≈≈≈≈≈≈≈≈≈.. ..≈≈≈
≈≈≈≈≈≈≈≈≈≈.. ..≈
≈≈≈≈≈≈≈≈≈.. ..
≈≈≈≈≈≈≈≈≈≈ ≈ ≈≈≈≈≈≈≈
≈≈≈≈≈≈≈


You could see a griffon, a merfolk aquamancer, 2 merfolk and 2 water elementals.


Message History

The orb of energy explodes!
The water elemental barely misses you.
The merfolk aquamancer points at you and mumbles some strange words.
The shard of ice hits you! You partially resist.
* * * LOW HITPOINT WARNING * * *
Cast which spell? (? or * to list)
You don't have enough magic to cast that spell.
Okay, then.
Evoke which item? (* to show all) (? for menu, Esc to quit)
Zapping:
A - a wand of teleportation (4/9) {!d@v4}
Press: ? - help, Shift-Dir - straight line, f - you, p - water elemental You feel strangely unstable.
This wand has 3 charges left.
Your orb of destruction hits a stone wall.
The water elemental hits you.
* * * LOW HITPOINT WARNING * * *
The water elemental engulfs you in water!
The griffon bites you but does no damage.
The griffon pecks you but does no damage.
The griffon claws you but does no damage.
The merfolk hits you from afar with a trident!
* * * LOW HITPOINT WARNING * * *
You feel much better.
* * * LOW HITPOINT WARNING * * *
Your lungs strain for air!
The water elemental hits you!!
* * * LOW HITPOINT WARNING * * *
The griffon bites you!
You die...

Action                   |  1- 3 |  4- 6 |  7- 9 | 10-12 | 13-15 | 16-18 || total
-------------------------+-------+-------+-------+-------+-------+-------++-------
Melee: Unarmed           |     1 |       |       |       |       |       ||     1
       Long sword        |       |    20 |       |       |       |       ||    20
       Morningstar       |       |    12 |    53 |    49 |    26 |       ||   140
       Staff             |       |       |     2 |     8 |       |     2 ||    12
 Cast: Magic Dart        |    70 |    79 |   203 |   311 |   278 |     1 ||   942
       Searing Ray       |     3 |    15 |    58 |     6 |    15 |       ||    97
       Iskenderun's Batt |       |       |    12 |    76 |   114 |     1 ||   203
       Iskenderun's Myst |       |       |       |   120 |   577 |   394 ||  1091
       Force Lance       |       |       |       |     3 |    28 |       ||    31
       Orb of Destructio |       |       |       |       |    34 |   145 ||   179
       Blink             |       |       |       |       |    14 |       ||    14
Evoke: Wand              |       |       |       |       |     3 |     1 ||     4
  Use: Scroll            |       |    10 |    17 |    10 |    10 |     6 ||    53
       Potion            |       |       |       |     7 |     2 |     2 ||    11
 Stab: Sleeping          |       |     7 |     3 |       |       |       ||    10
       Distracted        |       |       |     1 |       |       |       ||     1
  Eat: Pizza             |     2 |       |     1 |     4 |       |     1 ||     8
       Beef jerky        |     1 |       |     1 |     1 |     1 |     1 ||     5
       Chunk             |       |     3 |    23 |    21 |    55 |    19 ||   121
       Fruit             |       |       |       |       |    27 |     3 ||    30
       Royal jelly       |       |       |       |       |     4 |     5 ||     9
Armor: Robe              |     4 |    10 |    34 |    33 |    56 |    56 ||   193
       Skin              |       |       |       |    44 |       |       ||    44
Dodge: Dodged            |    11 |    36 |    77 |   160 |   272 |   128 ||   684

Vault maps used:
D:1:      dpeg_arrival_lava_altar
D:2:      grunt_temple_overflow_gold_and_silver, nicolae_overflow_hidden_temple,
          first_bread, minmay_misc_feat_five
D:3:      uniq_robin, uniq_terence, uniq_natasha
D:4:      kb_forest_paths, vehumet_statue
D:5:      hangedman_decor_opposing, uniq_duvessa, uniq_sigmund, uniq_eustachio
D:6:      grunt_temple_overflow_open, gup_ossuary_entry_pyramid, uniq_edmund
D:7:      kennysheep_mini, the_bakery
D:8:      cheibriados_altar_wand_db, lair_0_dummy, okawaru_gym_becter
D:9:      grunt_qazlal_sundering, nicolae_overflow_crystal_walls, uniq_grum,
          uniq_erica
D:10:     david_orc_3, enter_trove_2, serial_bayou_ford_a
D:11:     kennysheep_kite_vault
D:12:     serial_shops, shop, minmay_misc_feat_room, lightli_elemental_guards,
          uniq_gastronok
D:13:     nicolae_two_hexagons, kennysheep_dice
D:14:     erik_vaults_2
D:15:     grunt_enter_depths_giant_problem
Lair:1:   serial_forest, infiniplex_forest_lined_4_way, infiniplex_forest_end_2,
          infiniplex_forest_lined_1, infiniplex_forest_straight_1,
          infiniplex_forest_lined_3_way, infiniplex_forest_straight_4,
          infiniplex_forest_straight_3, grunt_forest_large_clearing_hut,
          serial_bayou_shore_a
Lair:2:   guppyfry_snake_entry_garden, grunt_megastairs_2, lemuel_fruit_tree,
          uniq_harold
Lair:3:   elwin_shoals_entry_rooms, portal_ice_cave_entry_pillars_2,
          special_room
Lair:4:   lab_entry_generic
Lair:5:   hangedman_what_comes_after_a, slime_altar_1, dpeg_oklob_1,
          serial_bayou_shore_b, infiniplex_staircase_pool
Lair:6:   evilmike_catoblepas_cave
Snake:2:  nicolae_snake_single_loop, spider_trap, minmay_shoptagon, uniq_roxanne
Snake:3:  serial_bayou_shore_b
Snake:4:  snake_pit, basic_altar, st_stairs_4, grunt_megastairs_3,
          basic_stair_grate_trap, uniq_vashnia
Orc:1:    elf_legates
Orc:2:    kennysheep_orc_mage_school
Lab:      nicolae_lab_quarters, nicolae_lab_hexagon, labyrinth_skeletal_remains,
          nicolae_lab_flowing_pool, nicolae_lab_dead_end, labyrinth_fake_exit,
          labyrinth_lava_lair, nicolae_lab_plus, labyrinth_glass_1,
          nicolae_lab_swirl
Ossuary:  ossuary_crypta
IceCv:    ice_cave_caverns_02

Notes
Turn   | Place    | Note
-------+----------+-------------------------------------------
     0 | D:1      | HaroldButt the Deep Elf Conjurer began the quest for the Orb.
     0 | D:1      | Reached XP level 1. HP: 10/10 MP: 6/6
    82 | D:1      | Reached XP level 2. HP: 14/15 MP: 2/8
   154 | D:1      | Reached skill level 5 in Conjurations
   227 | D:1      | Learned a level 2 spell: Searing Ray
   459 | D:1      | Reached XP level 3. HP: 19/19 MP: 5/9
   685 | D:2      | Found a deep blue altar of Sif Muna.
   971 | D:2      | Learned a level 3 spell: Dazzling Spray
  1022 | D:2      | Reached skill level 6 in Conjurations
  1098 | D:2      | Reached XP level 4. HP: 23/24 MP: 1/10
  1279 | D:2      | Found a glowing silver altar of Zin.
  1280 | D:2      | Found an opulent altar of Gozag.
  1722 | D:3      | Noticed a giant frog
  1729 | D:3      | Killed a giant frog
  1729 | D:3      | Reached skill level 7 in Conjurations
  1729 | D:3      | Reached XP level 5. HP: 28/28 MP: 4/11
  1737 | D:3      | Noticed Natasha
  1820 | D:3      | Killed Natasha
  1976 | D:3      | Noticed Natasha
  1981 | D:3      | Killed Natasha
  2109 | D:3      | Noticed Robin
  2136 | D:3      | Killed Robin
  2136 | D:3      | Reached skill level 8 in Conjurations
  2316 | D:3      | Reached XP level 6. HP: 32/32 MP: 9/12
  2348 | D:3      | Noticed Natasha
  2352 | D:3      | Killed Natasha
  2408 | D:3      | Reached skill level 4 in Spellcasting
  2491 | D:3      | Noticed Terence
  2497 | D:3      | Killed Terence
  2825 | D:4      | Found a radiant altar of Vehumet.
  2834 | D:4      | Reached skill level 5 in Spellcasting
  2843 | D:4      | Became a worshipper of Vehumet
  3309 | D:4      | Reached skill level 6 in Spellcasting
  3309 | D:4      | Reached XP level 7. HP: 31/36 MP: 5/18
  3321 | D:4      | Learned a level 4 spell: Iskenderun's Mystic Blast
  3327 | D:4      | Learned a level 5 spell: Iskenderun's Battlesphere
  3600 | D:4      | Reached skill level 7 in Spellcasting
  3825 | D:4      | Reached skill level 8 in Spellcasting
  3997 | D:5      | Entered Level 5 of the Dungeon
  4003 | D:5      | Reached * piety under Vehumet
  4003 | D:5      | Offered knowledge of Sting by Vehumet.
  4010 | D:5      | Noticed Duvessa
  4012 | D:5      | Noticed Dowan
  4013 | D:5      | Reached skill level 9 in Spellcasting
  4388 | D:5      | Noticed Sigmund
  4400 | D:5      | Killed Sigmund
  4400 | D:5      | Reached skill level 10 in Spellcasting
  4400 | D:5      | Reached XP level 8. HP: 41/41 MP: 9/24
  4428 | D:5      | Reached skill level 1 in Charms
  4433 | D:5      | Reached skill level 2 in Charms
  4448 | D:5      | Reached skill level 4 in Charms
  4568 | D:5      | Noticed Eustachio
  4575 | D:5      | Killed Eustachio
  4575 | D:5      | Reached skill level 5 in Charms
  4622 | D:5      | Reached skill level 6 in Charms
  4821 | D:5      | Reached skill level 7 in Charms
  4839 | D:5      | Killed Duvessa
  4842 | D:5      | Killed Dowan
  4842 | D:5      | Reached skill level 8 in Charms
  4853 | D:5      | Identified a potion of resistance
  5004 | D:5      | Reached skill level 9 in Charms
  5172 | D:5      | Reached ** piety under Vehumet
  5172 | D:5      | Offered knowledge of Freeze by Vehumet.
  5433 | D:6      | Found a sand-covered staircase.
  5443 | Ossuary  | Entered an ossuary
  5470 | Ossuary  | Reached XP level 9. HP: 45/45 MP: 22/25
  5648 | Ossuary  | Reached skill level 10 in Charms
  5681 | D:6      | Identified a scroll of acquirement
  5733 | D:6      | Identified a wand of teleportation
  5806 | D:6      | Offered knowledge of Throw Frost by Vehumet.
  5914 | D:6      | Found a staircase to the Ecumenical Temple.
  5916 | D:6      | Noticed Edmund
  5926 | D:6      | Killed Edmund
  5985 | D:6      | Reached skill level 11 in Charms
  6220 | D:6      | Reached *** piety under Vehumet
  6250 | D:6      | Found a shimmering altar of Xom.
  6268 | D:6      | Found a shattered altar of Ashenzari.
  6564 | D:6      | Found a hide-covered altar of Uskayaw.
  6643 | D:6      | Reached skill level 12 in Charms
  6682 | D:6      | Offered knowledge of Force Lance by Vehumet.
  6693 | D:6      | Learned a level 4 spell: Force Lance
  6837 | D:7      | Found a hazy altar of Hepliaklqana.
  6880 | D:7      | Reached skill level 9 in Conjurations
  7024 | D:7      | Reached **** piety under Vehumet
  7554 | D:7      | Reached skill level 10 in Conjurations
  7658 | D:8      | Found a staircase to the Lair.
  7683 | D:8      | Reached XP level 10. HP: 50/50 MP: 26/26
  7748 | D:8      | Found an iron altar of Okawaru.
  7932 | D:8      | Found a snail-covered altar of Cheibriados.
  8023 | Lair:1   | Entered Level 1 of the Lair of Beasts
  8064 | Lair:1   | Reached skill level 11 in Conjurations
  8251 | Lair:1   | Noticed a black mamba
  8257 | Lair:1   | Killed a black mamba
  8257 | Lair:1   | Reached skill level 12 in Conjurations
  8299 | Lair:1   | Offered knowledge of Ignite Poison by Vehumet.
  8338 | Lair:1   | Noticed a spiny frog
  8344 | Lair:1   | Killed a spiny frog
  8685 | Lair:1   | Reached skill level 13 in Conjurations
  9548 | Lair:2   | Reached XP level 11. HP: 54/54 MP: 27/27
  9621 | Lair:2   | Reached ***** piety under Vehumet
  9621 | Lair:2   | Reached skill level 14 in Conjurations
  9658 | Lair:2   | Reached skill level 1 in Fighting
  9737 | Lair:2   | Found a staircase to the Snake Pit.
  9756 | Lair:2   | Noticed Harold
  9763 | Lair:2   | Killed Harold
  9763 | Lair:2   | Reached skill level 3 in Fighting
  9977 | Lair:2   | Offered knowledge of Fireball by Vehumet.
  9977 | Lair:2   | Reached skill level 4 in Fighting
 10491 | Lair:3   | Noticed a seven-headed hydra
 10504 | Lair:2   | Killed a seven-headed hydra
 10504 | Lair:2   | Reached skill level 5 in Fighting
 10804 | Lair:3   | Reached skill level 6 in Fighting
 10876 | Lair:3   | Found a frozen archway.
 10885 | IceCv    | Entered an ice cave
 11034 | IceCv    | Reached skill level 7 in Fighting
 11291 | IceCv    | Reached skill level 8 in Fighting
 11662 | IceCv    | Reached skill level 1 in Armour
 11681 | IceCv    | Reached XP level 12. HP: 23/73 MP: 26/28
 11703 | IceCv    | Reached skill level 2 in Armour
 12226 | IceCv    | Reached skill level 3 in Armour
 12355 | IceCv    | Reached skill level 4 in Armour
 12473 | IceCv    | Noticed a death yak
 12473 | IceCv    | Noticed a frost giant
 12490 | IceCv    | Killed a death yak
 12490 | IceCv    | Reached skill level 5 in Armour
 12751 | IceCv    | Killed a frost giant
 12751 | IceCv    | Reached skill level 6 in Armour
 12776 | IceCv    | Identified the Compendium of Aerial Enhancements
 12902 | Lair:3   | Reached skill level 7 in Armour
 13279 | Lair:3   | Reached skill level 8 in Armour
 13300 | Lair:3   | Reached skill level 3 in Dodging
 13392 | Lair:3   | Reached skill level 4 in Dodging
 13796 | Lair:3   | Found a staircase to the Shoals.
 13801 | Lair:3   | Reached skill level 5 in Dodging
 14159 | Lair:4   | Found a labyrinth entrance.
 14165 | Lab      | Entered a labyrinth
 14268 | Lab      | Noticed a minotaur
 14279 | Lab      | Killed a minotaur
 14279 | Lab      | Reached skill level 6 in Dodging
 14458 | Lair:4   | Reached XP level 13. HP: 78/78 MP: 29/29
 14465 | Lair:4   | Reached skill level 7 in Dodging
 15005 | Lair:4   | Reached skill level 8 in Dodging
 15167 | Lair:5   | Found a staircase to the Slime Pits.
 15167 | Lair:5   | Found a viscous altar of Jiyva.
 15231 | Lair:5   | Reached skill level 9 in Dodging
 15507 | Lair:5   | Reached skill level 10 in Dodging
 15567 | Lair:5   | Reached ****** piety under Vehumet
 15583 | Lair:5   | Offered knowledge of Venom Bolt by Vehumet.
 15660 | Lair:5   | Reached skill level 11 in Dodging
 15867 | Lair:5   | Reached skill level 12 in Dodging
 15920 | Lair:5   | Reached skill level 4 in Stealth
 15977 | Lair:5   | Reached skill level 5 in Stealth
 15979 | Lair:5   | Reached skill level 6 in Stealth
 15986 | Lair:5   | Reached skill level 7 in Stealth
 15998 | Lair:5   | Got a bound lapis lazuli ring
 16000 | Lair:5   | Identified the ring of Ussak {rPois rC+ MR+ MP+9 Int-4} (You found it on level 5 of the Lair of Beasts)
 16107 | Lair:5   | Reached skill level 8 in Stealth
 16117 | Lair:5   | Reached skill level 9 in Stealth
 16385 | Lair:5   | Reached skill level 10 in Stealth
 16396 | Lair:6   | Entered Level 6 of the Lair of Beasts
 16579 | Lair:6   | Reached skill level 11 in Stealth
 16587 | Lair:6   | Offered knowledge of Lightning Bolt by Vehumet.
 16836 | Lair:6   | Reached skill level 12 in Stealth
 16895 | Lair:6   | Reached XP level 14. HP: 84/84 MP: 18/30
 16898 | Lair:6   | Reached skill level 13 in Stealth
 17093 | Lair:6   | Reached skill level 14 in Stealth
 17247 | Lair:6   | Reached skill level 15 in Stealth
 17296 | Lair:6   | Reached skill level 16 in Stealth
 18015 | Lair:6   | Reached skill level 17 in Stealth
 18262 | D:9      | Found a burning altar of Makhleb.
 18562 | D:9      | Noticed Erica
 18577 | D:9      | Killed Erica
 18941 | D:9      | Found a stormy altar of Qazlal.
 18945 | D:9      | Noticed Grum
 18948 | D:9      | Killed Grum
 19063 | D:10     | Entered Level 10 of the Dungeon
 19080 | D:10     | Found a portal to a secret trove of treasure.
 19115 | D:10     | Found a staircase to the Orcish Mines.
 20007 | Orc:1    | Entered Level 1 of the Orcish Mines
 20016 | Orc:1    | Reached skill level 18 in Stealth
 20082 | Orc:1    | Noticed an orc warlord
 20545 | D:11     | Offered knowledge of Spellforged Servitor by Vehumet.
 21510 | D:12     | Reached skill level 19 in Stealth
 21676 | D:12     | Found Moddepnu's Armour Emporium.
 21683 | D:12     | Bought a +1 pair of gloves of strength for 231 gold pieces
 21955 | D:12     | Found a large runed door.
 21955 | D:12     | Found a large runed door.
 21956 | D:12     | Noticed Gastronok
 21963 | D:12     | Killed Gastronok
 22077 | D:13     | Got a jewelled ring mail
 22088 | D:13     | Identified the cursed +1 ring mail "Kompyonoeb" {Regen+ Str+2 Int+2} (You found it on level 13 of the Dungeon)
 22357 | D:13     | Reached XP level 15. HP: 86/88 MP: 31/31
 22621 | D:13     | Reached skill level 20 in Stealth
 22652 | D:13     | Offered knowledge of Iron Shot by Vehumet.
 23540 | D:14     | Learned a level 2 spell: Blink
 23702 | D:14     | Found a gate to the Vaults.
 24329 | D:14     | Reached skill level 15 in Conjurations
 24664 | D:15     | Entered Level 15 of the Dungeon
 24677 | D:15     | Found a staircase to the Depths.
 24677 | D:15     | Noticed a fire giant
 24683 | D:15     | Killed a fire giant
 24986 | D:15     | Reached skill level 16 in Conjurations
 25498 | D:15     | Offered knowledge of Orb of Destruction by Vehumet.
 25507 | D:15     | Learned a level 7 spell: Orb of Destruction
 26174 | Orc:1    | Reached skill level 17 in Conjurations
 26588 | D:10     | Killed an orc warlord
 26766 | Orc:1    | Got a shimmering scimitar
 26767 | Orc:1    | Identified the +8 scimitar of Prudence {flame, rC++ MR- Stlth+} (You found it on level 1 of the Orcish Mines)
 26773 | Orc:1    | Got a jewelled chain mail
 26784 | Orc:1    | Identified the +2 chain mail of Divine Intervention {MR+} (You found it on level 1 of the Orcish Mines)
 27005 | Orc:2    | Entered Level 2 of the Orcish Mines
 27257 | Orc:1    | Reached XP level 16. HP: 93/93 MP: 32/32
 27581 | Orc:2    | Found a staircase to the Elven Halls.
 28052 | Orc:2    | Noticed Nergalle
 28061 | Orc:2    | Offered knowledge of Poison Arrow by Vehumet.
 28269 | Orc:2    | Found Quss's Antique Armour Shoppe.
 28284 | Orc:2    | Bought a heavily jewelled robe for 188 gold pieces
 28284 | Orc:2    | Bought a shiny helmet for 148 gold pieces
 28296 | Orc:2    | Identified the cursed +0 robe of Amelioration {rCorr Str-4 Int+5 SInv} (You bought it in a shop on level 2 of the Orcish Mines)
 28331 | Orc:2    | Killed Nergalle
 28331 | Orc:2    | Reached skill level 18 in Conjurations
 28333 | Orc:2    | Found an ancient bone altar of Kikubaaqudgha.
 28341 | Orc:2    | Found Exzov's Antique Weapon Shoppe.
 28410 | Orc:2    | Found a radiant altar of Vehumet.
 28484 | Orc:2    | Found a roughly hewn altar of Beogh.
 28484 | Orc:2    | Found Diphirua's Book Emporium.
 28535 | Orc:2    | Found Liuviytu's Distillery.
 28570 | Orc:2    | Identified a +1 robe of the Archmagi (You took it off an orc sorcerer on level 2 of the Orcish Mines)
 28878 | Snake:1  | Entered Level 1 of the Snake Pit
 28890 | Snake:1  | Reached skill level 11 in Spellcasting
 29440 | Snake:1  | Reached skill level 12 in Spellcasting
 30182 | Snake:2  | Reached skill level 13 in Spellcasting
 30337 | Snake:2  | HP: 3/93 [shock serpent/bolt of electricity (21)]
 30736 | Snake:2  | Reached skill level 14 in Spellcasting
 31166 | Snake:2  | Noticed Roxanne
 31174 | Snake:2  | Killed Roxanne
 31419 | Snake:2  | Reached skill level 15 in Spellcasting
 31420 | Snake:2  | Found Xepuhoxa's Food Emporium.
 31436 | Snake:2  | Found Toasuvis's General Store.
 31442 | Snake:2  | Bought 2 potions of heal wounds for 180 gold pieces
 31442 | Snake:2  | Bought a scroll of recharging for 171 gold pieces
 31824 | Snake:2  | Offered knowledge of Glaciate by Vehumet.
 31824 | Snake:2  | Offered knowledge of Shatter by Vehumet.
 31824 | Snake:2  | Offered knowledge of Chain Lightning by Vehumet.
 31992 | Snake:2  | Reached skill level 16 in Spellcasting
 32053 | Snake:2  | Got a warped golden ring
 32054 | Snake:2  | Identified the ring "Ufeonuph" {Fire Str+4} (You found it on level 2 of the Snake Pit)
 32666 | Snake:2  | Reached XP level 17. HP: 68/97 MP: 4/39
 32979 | Snake:3  | Reached skill level 17 in Spellcasting
 34010 | Snake:3  | Reached skill level 18 in Spellcasting
 34332 | Snake:4  | Entered Level 4 of the Snake Pit
 35244 | Snake:4  | Found a shimmering altar of Xom.
 35304 | Snake:4  | Reached skill level 19 in Spellcasting
 35319 | Snake:4  | Noticed Vashnia
 36264 | Shoals:1 | Entered Level 1 of the Shoals
 36543 | Shoals:1 | Learned a level 6 spell: Deflect Missiles
 36663 | Shoals:1 | HP: 8/97 [merfolk/trident (11)]
 36664 | Shoals:1 | Mangled by a griffon

Vanquished Creatures
  Gastronok (D:12)
  Roxanne (Snake:2)
  3 greater nagas
  A frost giant (IceCv)
  An orc warlord (D:10)
  A fire giant (D:15)
  A merfolk impaler (Shoals:1)
  A minotaur (Lab)
  Harold (Lair:2)
  10 naga warriors
  8 vault guards (D:14)
  4 hydras
  10 anacondas
  3 catoblepae (Lair:6)
  4 centaur warriors
  Erica (D:9)
  15 death yaks
  11 naga sharpshooters
  6 ogre magi
  2 tengu warriors (D:15)
  An orc high priest (D:10)
  A deep elf knight (D:10)
  4 shock serpents
  Nergalle (Orc:2)
  3 skeletal warriors (D:15)
  A salamander mystic (Snake:4)
  A fire crab (Lair:4)
  An unseen horror (D:14)
  A deep elf archer (Orc:2)
  3 lindwurms (Lair:5)
  5 hill giants
  4 naga ritualists
  2 harpies (Shoals:1)
  3 fauns (Shoals:1)
  3 griffons
  6 oklob plants (Lair:5)
  2 orc knights (Orc:1)
  10 orc sorcerers
  8 mana vipers
  3 deep elf magi (Orc:1)
  15 salamanders
  5 cyclopes
  4 manticores
  9 ugly things
  A centaur zombie (D:14)
  An ice statue (IceCv)
  5 elephants
  2 guardian serpents (Snake:3)
  A vault sentinel (D:14)
  48 black mambas
  3 gargoyles
  18 naga magi
  12 spiny frogs
  2 rime drakes
  A freezing wraith (D:15)
  2 komodo dragons
  An efreet (D:13)
  2 queen bees
  A tengu conjurer (D:13)
  A wind drake (Shoals:1)
  16 polar bears (IceCv)
  6 meliai
  3 trolls
  A harpy skeleton (D:14)
  3 merfolk
  7 two-headed ogres
  7 blink frogs
  A snapping turtle (Shoals:1)
  11 slime creatures
  Sigmund (D:5)
  3 shadows
  3 vampires
  3 wraiths
  2 spriggans
  2 water elementals
  5 basilisks
  6 wyverns
  41 yaks
  Eustachio (D:5)
  11 hippogriffs
  A steam dragon (D:14)
  Grum (D:9)
  2 hungry ghosts
  A mottled dragon (D:11)
  A warg (D:10)
  A soldier ant (D:11)
  13 water moccasins
  Edmund (D:6)
  Duvessa (D:5)
  37 nagas
  A soldier ant (shapeshifter) (D:13)
  8 porcupines
  2 black bears
  18 orc warriors
  3 sky beasts
  4 ice beasts
  An eye of draining (shapeshifter) (D:14)
  2 phantoms
  15 centaurs
  3 eyes of draining (D:12)
  3 wasps
  22 wolves
  23 ogres
  A big kobold (D:12)
  13 crocodiles
  15 giant frogs
  3 gnoll sergeants
  Dowan (D:5)
  5 scorpions
  74 killer bees
  11 wights
  3 howler monkeys
  2 electric eels
  11 crimson imps
  A giant frog zombie (D:7)
  2 quasits
  6 jellies
  12 orc priests
  6 hounds
  3 giant frog skeletons
  46 orc wizards
  6 centaur skeletons
  A human zombie (Ossuary)
  Terence (D:3)
  Natasha (thrice) (D:3)
  5 iguanas
  A hell rat (Lair:5)
  12 worker ants
  A statue (D:4)
  17 sheep
  A killer bee zombie (D:8)
  A big kobold zombie (Ossuary)
  A hound zombie (D:9)
  2 hound skeletons (D:10)
  7 mummies
  A worker ant zombie (D:5)
  Robin (D:3)
  19 gnolls
  19 adders
  67 river rats
  6 shadow imps
  2 oozes
  An adder zombie (D:7)
  2 adder skeletons
  6 worms
  3 dart slugs
  5 giant geckos
  73 orcs
  A ball python (D:2)
  7 bats
  4 giant cockroaches
  16 goblins
  9 hobgoblins
  12 jackals
  15 kobolds
  7 quokkas
  4 giant newts
  A goblin zombie (Ossuary)
  A hobgoblin zombie (Ossuary)
  A kobold zombie (Ossuary)
  3 orc zombies (Ossuary)
  6 rats
  3 plants
1148 creatures vanquished.

Vanquished Creatures (others)
  2 polar bears (IceCv)
  2 yaks (IceCv)
  4 wolves (IceCv)
  A jelly (D:14)
  A gnoll (D:6)
  3 fungi
  4 plants (Lair:6)
17 creatures vanquished.

Grand Total: 1165 creatures vanquished
